 Dungeon Crawl Stone Soup version 0.20.1-1-g8b1a95d (webtiles) character file.

44 wojtek the Grave Robber (level 3, -2/19 HPs)
             Began as a Kobold Necromancer on Dec 24, 2017.
             Slain by a goblin
             ... wielding a +0 dagger
             ... led by Robin
              (3 damage)
             ... on level 1 of the Dungeon.
             The game lasted 00:02:57 (2118 turns).

wojtek the Grave Robber (Kobold Necromancer)        Turns: 2118, Time: 00:02:58

Health: -2/19      AC:  3    Str:  5    XL:     3   Next: 85%
Magic:  3/6        EV: 15    Int: 17    God:
Gold:   64         SH:  0    Dex: 15    Spells: 5/6 levels left

rFire    . . .     SeeInvis .   a - +0 short sword
rCold    . . .     Gourm    .   (shield restricted)
rNeg     . . .     Faith    .   f - +0 robe
rPois    .         Spirit   .   (no helmet)
rElec    .         Reflect  .   (no cloak)
rCorr    .         Harm     .   o - +0 pair of gloves
MR       .....                  (no boots)
Stlth    ++........             (no amulet)
Regen    0.1/turn               (no ring)
MPRegen  0.1/turn               (no ring)

@: no status effects
A: carnivore 3
a: no special abilities


You were on level 1 of the Dungeon.
You were very full.

You visited 1 branch of the dungeon, and saw 2 of its levels.

You collected 64 gold pieces.

Inventory:

Hand Weapons
 a - a +0 short sword (weapon)
 l - a +0 dagger
 p - a +0 long sword
Missiles
 n - 18 stones (quivered)
Armour
 f - a +0 robe (worn)
 o - a +0 pair of gloves (worn)
Jewellery
 m - an uncursed amulet of rage {unknown}
Scrolls
 e - a scroll of fog {unknown}
 g - a scroll of amnesia {unknown}
 h - a scroll of teleportation {unknown}
 i - a scroll of enchant armour {unknown}
 j - 4 scrolls of identify {unknown}
 k - a scroll of blinking {unknown}
Potions
 d - 2 potions of magic {unknown}
Books
 b - a book of Necromancy

   Spells                             Type                      Level
   a - Pain                           Necromancy                   1
   b - Animate Skeleton               Necromancy                   1
   c - Vampiric Draining              Necromancy                   3
   d - Regeneration                   Charms/Necromancy            3
   e - Animate Dead                   Necromancy                   4
   f - Control Undead                 Necromancy                   4
Comestibles
 c - a meat ration


   Skills:
 - Level 2.4 Dodging
 - Level 2.6 Stealth
 - Level 2.1 Spellcasting
 + Level 5.2 Necromancy


You had 5 spell levels left.
You knew the following spells:

 Your Spells              Type           Power        Failure   Level  Hunger
a - Pain                  Necr           ###.         2%          1    #......


Dungeon Overview and Level Annotations

Branches:
Dungeon (2/15)

Altars:

Annotations:
D:2 Robin


Innate Abilities, Weirdness & Mutations

You are small and have problems with some larger weapons.
You are carnivorous and can eat meat at any time.


Message History

Aim: a hobgoblin (unusually strong, chance to defeat MR: 89%)
The hobgoblin writhes in agony!
The goblin hits you with a dagger. The hobgoblin closely misses you.
Casting: Pain
Confirm with . or Enter, or press ? or * to list all spells.
Aiming: Pain
Press: ? - help, Shift-Dir - straight line, f/p - hobgoblin
Aim: a hobgoblin (moderately wounded, unusually strong, chance to defeat MR: 89%)
The hobgoblin writhes in agony!
The goblin barely misses you. The hobgoblin hits you.
* * * LOW HITPOINT WARNING * * *
Casting: Pain
Confirm with . or Enter, or press ? or * to list all spells.
Aiming: Pain
Press: ? - help, Shift-Dir - straight line, f/p - hobgoblin
Aim: a hobgoblin (severely wounded, unusually strong, chance to defeat MR: 89%)
The hobgoblin writhes in agony!
You kill the hobgoblin!
The goblin hits you with a dagger.
You die...

####################
###............†g....#######
.........#......@..........#
###.###..#...#######)#####.#
#
##.........#.........#####.#
#
....#......................#
#
#.....(..####..#####.#####.#
#### #.#..###.# #..# #.# #.#
#... #.#..# #.# #..#
##.#####.# #.## #....# #.#
#..####........###... ###..#
#)# #..........##........


You could see a goblin.

Vanquished Creatures
  An adder (D:2)
  A dart slug (D:2)
  A leopard gecko (D:2)
  6 bats
  3 giant cockroaches
  3 hobgoblins
  A frilled lizard (D:1)
  4 goblins
  7 kobolds
  5 rats (D:1)
32 creatures vanquished.

Notes
Turn   | Place    | Note
-------+----------+-------------------------------------------
     0 | D:1      | wojtek the Kobold Necromancer began the quest for the Orb.
     0 | D:1      | Reached XP level 1. HP: 10/10 MP: 3/3
   660 | D:1      | Reached XP level 2. HP: 14/15 MP: 5/5
  1490 | D:1      | Reached XP level 3. HP: 18/19 MP: 4/6
  1933 | D:2      | Reached skill level 5 in Necromancy
  2093 | D:2      | Noticed Robin
  2118 | D:1      | Slain by a goblin

Skill      XL: |  1  2  3 |
---------------+----------+-----
Necromancy     | 5 |  5.2
Dodging        | |  2.4
Stealth        | |  2.6
Spellcasting   | |  2.1

Action                   || total
-------------------------++-------
Melee: Short sword       ||    58
       Unarmed           ||     6
 Cast: Pain              ||    34
 Stab: Sleeping          ||     7
  Eat: Chunk             ||    11
Armor: Robe              ||    20
Dodge: Dodged            ||    86
